EL
BILOXI SHUCKERS @ COLUMBIA FIREFLIES
06/27/2049
 
TOP OF THE 1ST
Biloxi Shuckers batting - Pitching for Columbia Fireflies : RHP Raymundo Pato
Pitching: RHP Raymundo Pato
Batting: SHB Aaron Neill 0-0: Ball
1-0: Swinging Strike
1-1: Foul Ball, location: 2F
1-2: DOUBLE (Line Drive, 7LM, EV 100.6 MPH)
Batting: LHB Jason Raker 0-0: Called Strike
0-1: Ball
1-1: Foul Ball, location: 2F
1-2: Ball
2-2: Ball
3-2: Ground out 4-3 (Groundball, 4M, EV 83.8 MPH)
Aaron Neill to third
Batting: LHB Adam Hill 0-0: Ball
1-0: Ball
2-0: Foul Ball, location: 2F
2-1: Called Strike
2-2: Ball
3-2: Fly out, F8 (Flyball, 89M, EV 92.5 MPH)
Batting: SHB Justin Hensley 0-0: Foul Ball, location: 2F
0-1: Ball
1-1: Foul Ball, location: 2F
1-2: Ball
2-2: Fly out, F9 (Flyball, 9LM, EV 90.6 MPH)
Top of the 1st over - 0 runs, 1 hit, 0 errors, 1 left on base; Biloxi 0 - Columbia 0
BOTTOM OF THE 1ST
Columbia Fireflies batting - Pitching for Biloxi Shuckers : RHP Brett Rosinsky
Pitching: RHP Brett Rosinsky
Batting: SHB Detlef Oursler 0-0: DOUBLE (Line Drive, 78M, EV 100.0 MPH)
Batting: LHB Dan Bremseth 0-0: Called Strike
0-1: Ball
1-1: Ball
2-1: Called Strike
2-2: Strikes out swinging, 2-3 out at first.
Batting: LHB Bayesa Mundhir 0-0: Called Strike
0-1: Swinging Strike
0-2: Ball
1-2: Ball
2-2: Ball
3-2: Ground out 5-3 (Groundball, 56, EV 90.6 MPH)
Batting: RHB Nate Henderson 0-0: Foul Ball, location: 2F
0-1: Called Strike
0-2: Foul Ball, location: 2F
0-2: Foul Ball, location: 2F
0-2: Ball
1-2: Foul Ball, location: 2F
1-2: Foul Ball, location: 2F
1-2: Ball
2-2: Foul Ball, location: 2F
2-2: Foul Ball, location: 2F
2-2: Ground out 4-3 (Groundball, 4, EV 101.2 MPH)
Bottom of the 1st over - 0 runs, 1 hit, 0 errors, 1 left on base; Biloxi 0 - Columbia 0
TOP OF THE 2ND
Biloxi Shuckers batting - Pitching for Columbia Fireflies : RHP Raymundo Pato
Batting: LHB Rick Campbell 0-0: Ball
1-0: Foul Ball, location: 2F
1-1: Foul Ball, location: 2F
1-2: Ball
2-2: Ball
3-2: Ground out U3 (Groundball, 3, EV 90.6 MPH)
Batting: LHB Kwang-chih Men 0-0: Ball
1-0: Ball
2-0: Foul Ball, location: 2F
2-1: Ball
3-1: Foul Ball, location: 2F
3-2: SINGLE (Groundball, 4MD, EV 106.9 MPH)
Batting: RHB Nick Cummings 0-0: SINGLE (Groundball, 56D, EV 98.8 MPH)
Kwang-chih Men to second
Batting: LHB Mark Backstrom 0-0: Ball
1-0: Ground out 4-3 (Groundball, 34D, EV 106.9 MPH)
Kwang-chih Men to third
Nick Cummings to second
Batting: RHB Dusty Bates 0-0: Ball
1-0: Ball
2-0: Called Strike
2-1: Ball
3-1: Called Strike
3-2: Foul Ball, location: 2F
3-2: SINGLE (Line Drive, 6M, EV 104.4 MPH)
Kwang-chih Men scores
Nick Cummings to third
Runner from 3rd tries for Home, throw by CF and OUT! 8-2
Top of the 2nd over - 1 run, 3 hits, 0 errors, 1 left on base; Biloxi 1 - Columbia 0
BOTTOM OF THE 2ND
Columbia Fireflies batting - Pitching for Biloxi Shuckers : RHP Brett Rosinsky
Batting: LHB Tony Leyba 0-0: Called Strike
0-1: Fly out, F7 (Flyball, 7S, EV 83.1 MPH)
Batting: SHB Jerry Burrows 0-0: Called Strike
0-1: Ground out 3-1 (Groundball, 34, EV 99.4 MPH)
Batting: RHB Larry Shoop 0-0: Ball
1-0: Ball
2-0: SINGLE (Groundball, 34D, EV 96.9 MPH)
Batting: LHB Jamel Alexander 0-0: Called Strike
0-1: Ball
Larry Shoop steals 2nd base
1-1: Foul Ball, location: 2F
1-2: Ball
2-2: Ball
3-2: Ground out U3 (Groundball, 34, EV 98.1 MPH)
Bottom of the 2nd over - 0 runs, 1 hit, 0 errors, 1 left on base; Biloxi 1 - Columbia 0
TOP OF THE 3RD
Biloxi Shuckers batting - Pitching for Columbia Fireflies : RHP Raymundo Pato
Batting: SHB Aaron Neill 0-0: DOUBLE (Line Drive, 89D, EV 105.0 MPH)
Batting: LHB Jason Raker 0-0: Ball
1-0: Ball
2-0: Foul Ball, location: 2F
2-1: Swinging Strike
2-2: Ball
3-2: Ground out U3 (Groundball, 3, EV 86.9 MPH)
Aaron Neill to third
Batting: LHB Adam Hill 0-0: Ball
1-0: Foul Ball, location: 2F
1-1: Ball
2-1: SINGLE (Line Drive, 78S, EV 93.8 MPH)
Aaron Neill scores
Batting: SHB Justin Hensley 0-0: Called Strike
0-1: Ball
1-1: Ball
2-1: Swinging Strike
2-2: Strikes out swinging
Batting: LHB Rick Campbell 0-0: Ball
1-0: Ball
2-0: Foul Ball, location: 2F
2-1: Foul Ball, location: 2F
2-2: Ball
3-2: DOUBLE (Groundball, 5L, EV 100.0 MPH)
Adam Hill to third
Adam Hill scores
Batting: LHB Kwang-chih Men 0-0: Ball
1-0: Ground out 3-1 (Groundball, 34S, EV 85.0 MPH)
Top of the 3rd over - 2 runs, 3 hits, 0 errors, 1 left on base; Biloxi 3 - Columbia 0
BOTTOM OF THE 3RD
Columbia Fireflies batting - Pitching for Biloxi Shuckers : RHP Brett Rosinsky
Batting: RHB Gary Hills 0-0: Ball
1-0: Swinging Strike
1-1: Ball
2-1: Ball
3-1: Ground out 4-3 (Groundball, 4, EV 101.9 MPH)
Batting: SHB Detlef Oursler 0-0: Called Strike
0-1: Fly out, F8 (Line Drive, 8LD, EV 89.4 MPH)
Batting: LHB Dan Bremseth 0-0: Foul Ball, location: 2F
0-1: Foul Ball, location: 2F
0-2: Foul Ball, location: 2F
0-2: Fly out, F8 (Flyball, 8RD, EV 101.9 MPH)
Bottom of the 3rd over - 0 runs, 0 hits, 0 errors, 0 left on base; Biloxi 3 - Columbia 0
TOP OF THE 4TH
Biloxi Shuckers batting - Pitching for Columbia Fireflies : RHP Raymundo Pato
Batting: RHB Nick Cummings 0-0: Ball
1-0: Ball
2-0: Called Strike
2-1: SINGLE (Groundball, 6MD, EV 108.1 MPH)
Batting: LHB Mark Backstrom 0-0: SINGLE (Groundball, 4M, EV 108.8 MPH) (infield hit)
Nick Cummings to second
Batting: RHB Dusty Bates 0-0: Ball
1-0: Ball
2-0: Called Strike
2-1: Foul Ball, location: 2F
2-2: Strikes out swinging
Batting: SHB Aaron Neill 0-0: Ball
1-0: Foul Ball, location: 2F
1-1: Ball
2-1: Grounds into double play, 4-6-3 (Groundball, 4, EV 86.9 MPH)
Top of the 4th over - 0 runs, 2 hits, 0 errors, 1 left on base; Biloxi 3 - Columbia 0
BOTTOM OF THE 4TH
Columbia Fireflies batting - Pitching for Biloxi Shuckers : RHP Brett Rosinsky
Batting: LHB Bayesa Mundhir 0-0: Foul Ball, location: 2F
0-1: Foul Ball, location: 2F
0-2: Foul Ball, location: 2F
0-2: Foul Ball, location: 2F
0-2: Ball
1-2: Ball
2-2: SINGLE (Line Drive, 6M, EV 108.1 MPH)
Batting: RHB Nate Henderson 0-0: Foul Ball, location: 2F
0-1: Swinging Strike
0-2: Ball
1-2: Ball
2-2: Fly out, F6 (Popup, 6, EV 63.8 MPH)
Batting: LHB Tony Leyba 0-0: Foul Ball, location: 2F
0-1: Ball
1-1: Swinging Strike
1-2: Ball
2-2: Ball
3-2: Foul Ball, location: 2F
3-2: Base on Balls
Bayesa Mundhir to second
Batting: SHB Jerry Burrows 0-0: Called Strike
0-1: Grounds into double play, U6-3 (Groundball, 4M, EV 106.9 MPH)
Bottom of the 4th over - 0 runs, 1 hit, 0 errors, 1 left on base; Biloxi 3 - Columbia 0
TOP OF THE 5TH
Biloxi Shuckers batting - Pitching for Columbia Fireflies : RHP Raymundo Pato
Batting: LHB Jason Raker 0-0: Ball
1-0: Ground out U3 (Groundball, 3L, EV 90.0 MPH)
Batting: LHB Adam Hill 0-0: Ball
1-0: SINGLE (Flyball, 6D, EV 87.5 MPH)
Batting: SHB Justin Hensley 0-0: Called Strike
Adam Hill steals 2nd base
0-1: Foul Ball, location: 2F
0-2: Ball
1-2: Ball
2-2: SINGLE (Groundball, 4MD, EV 102.5 MPH)
Adam Hill to third
Runner from 3rd tries for Home, SAFE, throw by CF to home
Batting: LHB Rick Campbell 0-0: Ball
1-0: Foul Ball, location: 2F
1-1: Ball
2-1: Called Strike
2-2: Foul Ball, location: 2F
2-2: Ball
3-2: Strikes out swinging
Batting: LHB Kwang-chih Men 0-0: Ball
1-0: Fly out, F8 (Flyball, 89M, EV 90.0 MPH)
Top of the 5th over - 1 run, 2 hits, 0 errors, 1 left on base; Biloxi 4 - Columbia 0
BOTTOM OF THE 5TH
Columbia Fireflies batting - Pitching for Biloxi Shuckers : RHP Brett Rosinsky
Batting: RHB Larry Shoop 0-0: Ball
1-0: Ball
2-0: SOLO HOME RUN (Flyball, 78XD, EV 100.0 MPH), Distance : 401 ft
Batting: LHB Jamel Alexander 0-0: Ball
1-0: Called Strike
1-1: Foul Ball, location: 2F
1-2: Ball
2-2: Foul Ball, location: 2F
2-2: Ball
3-2: Foul Ball, location: 2F
3-2: Fly out, F4 (Line Drive, 4, EV 66.9 MPH)
Batting: RHB Gary Hills 0-0: Foul Ball, location: 2F
0-1: Ball
1-1: Foul Ball, location: 2F
1-2: Ball
2-2: Ball
3-2: Strikes out looking
Batting: SHB Detlef Oursler 0-0: Called Strike
0-1: Ball
1-1: Ball
2-1: Ground out 6-3 (Groundball, P, EV 86.2 MPH)
Bottom of the 5th over - 1 run, 1 hit, 0 errors, 0 left on base; Biloxi 4 - Columbia 1
TOP OF THE 6TH
Biloxi Shuckers batting - Pitching for Columbia Fireflies : RHP Raymundo Pato
Pitching: RHP Justin Wilkins
Batting: RHB Nick Cummings 0-0: Ball
1-0: Foul Ball, location: 2F
1-1: Ball
2-1: Foul Ball, location: 2F
2-2: Foul Ball, location: 2F
2-2: Strikes out swinging
Batting: LHB Mark Backstrom 0-0: Called Strike
0-1: Ball
1-1: Ball
2-1: SINGLE (Groundball, 34D, EV 100.0 MPH)
Batting: RHB Dusty Bates 0-0: Ball
1-0: Ball
2-0: Ball
3-0: Base on Balls
Mark Backstrom to second
Batting: SHB Aaron Neill 0-0: Ball
1-0: SINGLE (Groundball, 4MD, EV 103.8 MPH)
Mark Backstrom to third
Dusty Bates to second
Runner from 3rd tries for Home, SAFE, throw by CF to home
Batting: LHB Jason Raker 0-0: Swinging Strike
0-1: Ball
1-1: SINGLE (Groundball, 4MD, EV 106.9 MPH)
Dusty Bates to third
Aaron Neill to second
Batting: LHB Adam Hill 0-0: Ball
1-0: GRAND SLAM HOME RUN (Flyball, 8RXD, EV 115.6 MPH), Distance : 437 ft
Pitching: RHP Jose Esquibel
Batting: SHB Justin Hensley 0-0: Foul Ball, location: 2F
0-1: Swinging Strike
0-2: Ball
1-2: Foul Ball, location: 2F
1-2: Strikes out swinging
Batting: LHB Rick Campbell 0-0: Ball
1-0: DOUBLE (Flyball, 7LD, EV 104.4 MPH)
Batting: LHB Kwang-chih Men 0-0: Called Strike
0-1: Ball
1-1: Ball
2-1: 2-RUN HOME RUN (Flyball, 7LD, EV 95.6 MPH), Distance : 339 ft
Batting: RHB Nick Cummings 0-0: Called Strike
0-1: Ball
1-1: Ball
2-1: Swinging Strike
2-2: Foul Ball, location: 2F
2-2: Strikes out swinging
Top of the 6th over - 7 runs, 6 hits, 0 errors, 0 left on base; Biloxi 11 - Columbia 1
BOTTOM OF THE 6TH
Columbia Fireflies batting - Pitching for Biloxi Shuckers : RHP Brett Rosinsky
Pitching: RHP Zach Green
Batting: LHB Dan Bremseth 0-0: Ball
1-0: Ground out 6-3 (Groundball, 56, EV 90.6 MPH)
Batting: LHB Bayesa Mundhir 0-0: Swinging Strike
0-1: Foul Ball, location: 2F
0-2: Ball
1-2: Strikes out swinging
Batting: RHB Nate Henderson 0-0: Called Strike
0-1: Ball
1-1: Ground out 6-3 (Groundball, P, EV 83.1 MPH)
Bottom of the 6th over - 0 runs, 0 hits, 0 errors, 0 left on base; Biloxi 11 - Columbia 1
TOP OF THE 7TH
Biloxi Shuckers batting - Pitching for Columbia Fireflies : RHP Jose Esquibel
Batting: LHB Mark Backstrom 0-0: Ball
1-0: Fly out, F7 (Flyball, 78D, EV 102.5 MPH)
Batting: RHB Dusty Bates 0-0: Ball
1-0: Called Strike
1-1: Foul Ball, location: 2F
1-2: Ground out U3 (Groundball, 3S, EV 88.1 MPH)
Batting: SHB Aaron Neill 0-0: Swinging Strike
0-1: Ball
1-1: Ball
2-1: Ball
3-1: Called Strike
3-2: Foul Ball, location: 2F
3-2: SINGLE (Line Drive, 89S, EV 95.6 MPH)
Pinch Hitting: SHB Ramon Perez 0-0: DOUBLE (Flyball, 8LXD, EV 105.6 MPH)
Aaron Neill to third
Runner from 3rd tries for Home, SAFE, throw by CF to trailing runner, SAFE at third!
Batting: LHB Adam Hill 0-0: Ball
1-0: Fly out, F9 (Flyball, 9D, EV 83.1 MPH)
Top of the 7th over - 1 run, 2 hits, 0 errors, 1 left on base; Biloxi 12 - Columbia 1
BOTTOM OF THE 7TH
Columbia Fireflies batting - Pitching for Biloxi Shuckers : RHP Zach Green
Now in LF: Josh Nelson
Batting: LHB Tony Leyba 0-0: Ball
1-0: Swinging Strike
1-1: Called Strike
1-2: Strikes out swinging
Pinch Hitting: LHB Zane Kelton 0-0: Foul Ball, location: 2F
0-1: Ball
1-1: Ball
2-1: Ball
3-1: Called Strike
3-2: SINGLE (Line Drive, 6D, EV 105.0 MPH)
Batting: RHB Larry Shoop 0-0: Called Strike
Zane Kelton steals 2nd base (no throw)
0-1: Ball
1-1: Foul Ball, location: 2F
1-2: Strikes out swinging
Batting: LHB Jamel Alexander 0-0: Called Strike
0-1: Ball
1-1: Ball
2-1: Fly out, F7 (Flyball, 7LM, EV 80.0 MPH)
Bottom of the 7th over - 0 runs, 1 hit, 0 errors, 1 left on base; Biloxi 12 - Columbia 1
TOP OF THE 8TH
Biloxi Shuckers batting - Pitching for Columbia Fireflies : RHP Jose Esquibel
Now at 2B: Zane Kelton
Batting: SHB Justin Hensley 0-0: Ball
1-0: Ball
2-0: Called Strike
2-1: Swinging Strike
2-2: Foul Ball, location: 2F
2-2: Strikes out swinging
Batting: LHB Rick Campbell 0-0: Called Strike
0-1: Fly out, F8 (Flyball, 8LD, EV 90.6 MPH)
Batting: LHB Kwang-chih Men 0-0: Called Strike
0-1: Swinging Strike
0-2: Strikes out looking
Top of the 8th over - 0 runs, 0 hits, 0 errors, 0 left on base; Biloxi 12 - Columbia 1
BOTTOM OF THE 8TH
Columbia Fireflies batting - Pitching for Biloxi Shuckers : RHP Zach Green
Batting: RHB Gary Hills 0-0: Called Strike
0-1: Called Strike
0-2: Ball
1-2: Foul Ball, location: 2F
1-2: Ball
2-2: Strikes out looking
Batting: SHB Detlef Oursler 0-0: Called Strike
0-1: Ball
1-1: Foul Ball, location: 2F
1-2: Strikes out looking
Batting: LHB Dan Bremseth 0-0: Ball
1-0: Ball
2-0: Called Strike
2-1: Swinging Strike
2-2: Ball
3-2: Foul Ball, location: 2F
3-2: Strikes out swinging
Bottom of the 8th over - 0 runs, 0 hits, 0 errors, 0 left on base; Biloxi 12 - Columbia 1
TOP OF THE 9TH
Biloxi Shuckers batting - Pitching for Columbia Fireflies : RHP Jose Esquibel
Pitching: RHP Matt Bennett
Batting: RHB Nick Cummings 0-0: Called Strike
0-1: Ball
1-1: Ball
2-1: Swinging Strike
2-2: Foul Ball, location: 2F
2-2: Ball
3-2: Foul Ball, location: 2F
3-2: Fly out, F8 (Flyball, 8RD, EV 90.0 MPH)
Batting: LHB Mark Backstrom 0-0: Ball
1-0: Fly out, F5 (Popup, 56, EV 71.2 MPH)
Batting: RHB Dusty Bates 0-0: Swinging Strike
0-1: Ball
1-1: Called Strike
1-2: Ball
2-2: Strikes out swinging
Top of the 9th over - 0 runs, 0 hits, 0 errors, 0 left on base; Biloxi 12 - Columbia 1
BOTTOM OF THE 9TH
Columbia Fireflies batting - Pitching for Biloxi Shuckers : RHP Zach Green
Pitching: RHP Eddie Becerra
Pinch Hitting: SHB Jason Evans 0-0: Ball
1-0: Ball
2-0: Called Strike
2-1: Called Strike
2-2: Foul Ball, location: 2F
2-2: Ground out 4-3 (Groundball, 4, EV 81.9 MPH)
Pinch Hitting: RHB David Reyna 0-0: Foul Ball, location: 2F
0-1: Ground out 6-3 (Groundball, 6, EV 87.5 MPH)
Batting: LHB Tony Leyba 0-0: Called Strike
0-1: Foul Ball, location: 2F
0-2: Strikes out looking
Bottom of the 9th over - 0 runs, 0 hits, 0 errors, 0 left on base; Biloxi 12 - Columbia 1
Sunday, July 16th , 2023 - OOTP Baseball 24.6 Build 69